cohdb
Replays
Latest Replays
All Replays
Popular Replays
Top Player Replays
Match Explorer
How It Works
Community
CoH3 Stats
Reddit
Sign in to upload your games and track your stats! →
Sign in with Steam
Match 32543687
Unlisted
Match 32543687
Overview
Messages
Build Orders
End
Engineer Squad
Construct Barracks
Riflemen Squad
Selects Armored Battlegroup
Selects Veteran Crews
M1 Mortar Team
Riflemen Squad
Riflemen Squad
Construct Medical Station
Construct Medical Station
Air Support Center
Construct Motor Pool
Grasshopper Recon Run
P-47 Strafing Run
M8 Greyhound Armored Car
Selects Strength in Steel
M8 Greyhound Armored Car
Catboy Supremacy
[EASY] CLUBs37
Tanzeel
krispykreme34
lattouf
jessyjames
Mattfield27
NoCommentary
0
0
Comments
sign in to comment!
No comments posted yet!